 Dungeon Crawl Stone Soup version 0.29.1-2-gbd0b4ee654 (webtiles) character file.

Game seed: 8965655376381126169

233 fleeber the Magician (level 6, 43/43 HPs)
             Began as a Djinni Conjurer on Nov 4, 2022.
             Quit the game on level 3 of the Dungeon on Nov 5, 2022.
             The game lasted 00:19:24 (3714 turns).

fleeber the Magician (Djinni Conjurer)              Turns: 3714, Time: 00:19:25

Health: 43/43      AC:  2    Str:  6    XL:     6   Next: 26%
Gold:   250        EV: 16    Int: 21    God:
                   SH:  0    Dex: 12

rFire   + + .      SeeInvis .   (no weapon)
rCold   x . .      Faith    .   (no shield)
rNeg    . . .      Spirit   .   q - +0 robe
rPois   ∞          Reflect  .   (no helmet)
rElec   .          Harm     .   (no cloak)
rCorr   .          Rampage  .   (no gloves)
Will    .....                   (boots unavailable)
Stlth   ++........              (no amulet)
HPRegen 0.14/turn               n - +4 ring of evasion
MPRegen 0.00/turn               (no ring)

@: flying
A: sickness immunity, fire resistance 2, cold vulnerability 1, float, innate
caster, HP casting, extra vitality 1
a: no special abilities


You were on level 3 of the Dungeon.
You visited 1 branch of the dungeon, and saw 3 of its levels.

You collected 250 gold pieces.

Inventory:

Missiles
 b - 35 stones
Armour
 q - a +0 robe (worn)
Jewellery
 n - a +4 ring of evasion (left hand)
Wands
 a - a wand of flame (13)
Scrolls
 e - a scroll of teleportation {unknown}
 g - 2 scrolls of immolation {unknown}
 j - 3 scrolls of identify {unknown}
 k - a scroll of magic mapping {unknown}
 o - a scroll of enchant armour {unknown}
Potions
 c - 3 potions of attraction {unknown}
 d - 3 potions of haste {unknown}
 f - a potion of magic {unknown}
 h - a potion of cancellation {unknown}
 i - 2 potions of curing {unknown}
 l - 3 potions of flight {unknown}
 m - 2 potions of might {unknown}
 p - a potion of heal wounds {unknown}


   Skills:
 * Level 2.2 Fighting
 * Level 3.2 Dodging
 - Level 1.5 Stealth
 + Level 4.9 Spellcasting


You couldn't memorise any spells.
You knew the following spells:

 Your Spells              Type           Power      Damage    Failure   Level
a - Magic Dart            Conj           100%       1d8       1%          1
b - Searing Ray           Conj           50%        2d6       2%          2
c - Dazzling Flash        Conj/Hex       50%        N/A       4%          3
d - Fulminant Prism       Conj/Hex       12%        3d9       14%         4
e - Iskenderun's Mystic   Conj/Tloc      25%        2d7       14%         4
f - Shock                 Conj/Air       100%       1d9       1%          1
g - Static Discharge      Conj/Air       25%        3-7/arc   2%          2
Your spell library was empty.

Dungeon Overview and Level Annotations

Branches:
Dungeon (3/15)

Altars:

Shops:
D:3 [[**


Innate Abilities, Weirdness & Mutations

You are immune to sickness and miasma.
You are immune to poison.
Your flesh is very heat resistant. (rF++)
You are vulnerable to cold. (rC-)
You float through the air rather than walking.
You learn spells naturally, not from books.
Your magical power is your life essence.
You have superior vitality. (+4 MHP)


Message History

The magic dart hits the worm.
You kill the worm!
You start resting.
HP restored.
You see here a worm corpse.
b - 35 stones (gained 3)
You see here a +0 club.
You see here a hobgoblin corpse.
You see here a bat corpse.
There is an open door here.
There is an open door here.
There is an open door here.
You now have 191 gold pieces (gained 14).
You now have 197 gold pieces (gained 6).
j - 2 scrolls labelled OKILOBRO DOANY (gained 1)
You now have 211 gold pieces (gained 14).
You now have 222 gold pieces (gained 11).
You now have 233 gold pieces (gained 11).
You now have 250 gold pieces (gained 17).
You see here a +0 mace.
There is an open door here.
There is an open door here.
d - 3 black potions (gained 1)
j - 3 scrolls labelled OKILOBRO DOANY (gained 1)
You see here the +2 pair of gloves of Dust Devil {rC- Str+9}.
You see here 3 javelins.
a - a wand of flame (13)
You see here 3 javelins.
There is an open door here.
Done exploring.
There is an open door here.
There is an open door here.
You see here a bat corpse.
You see here a hobgoblin corpse.
You see here a +0 club.
There is a stone staircase leading down here.
Save game and exit?
Welcome back, fleeber the Djinni Conjurer.
Press ? for a list of commands and other information.
Are you sure you want to abandon this character and quit the game? (Confirm with "yes".)

######....#.#
#†#...'.#####...#
............#
#)##.###'##....##
#########.###
#†.#####..##..##
#.#
#.....#.(..#.##
#.# #..##.#[...#.#
#.# ##.##.##..##.#
#.# #.....####..#
###### #.#
#.###......##
.....####.######@#
########
####.##.......>÷.#
.....)....########
###########


There were no monsters in sight!

Vanquished Creatures
  A scorpion (D:2)
  A jelly (D:3)
  4 gnolls (D:3)
  6 adders
  2 worms (D:3)
  A dart slug (D:2)
  An orc (D:3)
  2 ball pythons (D:3)
  4 bats
  2 endoplasms
  2 giant cockroaches
  9 goblins
  4 hobgoblins
  2 jackals (D:3)
  4 quokkas
  A frilled lizard (D:2)
  2 kobolds (D:3)
  7 rats
55 creatures vanquished.

Vanquished Creatures (others)
  6 plants (D:2)
6 creatures vanquished.

Grand Total: 61 creatures vanquished

Notes
Turn   | Place    | Note
-------+----------+-------------------------------------------
     0 | D:1      | fleeber the Djinni Conjurer began the quest for the Orb.
     0 | D:1      | fleeber set off with the following spells memorised: Magic
                  | Dart, Searing Ray, Dazzling Flash, Fulminant Prism,
                  | Iskenderun's Mystic Blast.
     0 | D:1      | Reached XP level 1. HP: 15/15 MP: 0/0
   923 | D:2      | Reached XP level 2. HP: 17/22 MP: 0/0
  1122 | D:2      | Noticed a scorpion
  1135 | D:2      | Killed a scorpion
  1136 | D:2      | Reached skill level 1 in Fighting
  1136 | D:2      | Reached skill level 4 in Spellcasting
  1136 | D:2      | Reached XP level 3. HP: 10/27 MP: 0/0
  1136 | D:2      | Learned a level 1 spell: Shock
  1136 | D:2      | Reached XP level 4. HP: 12/32 MP: 0/0
  1385 | D:2      | Found a faded altar of an unknown god.
  2191 | D:3      | Found Bainitz's Assorted Antiques.
  2197 | D:3      | Reached XP level 5. HP: 35/37 MP: 0/0
  2197 | D:3      | Learned a level 2 spell: Static Discharge
  2319 | D:3      | Found Lelywo's General Store.
  2543 | D:3      | Found Idas's Armour Boutique.
  3067 | D:3      | Found Tiddoane's Armour Shop.
  3150 | D:3      | Reached XP level 6. HP: 40/43 MP: 0/0
  3689 | D:3      | Identified the +2 pair of gloves of Dust Devil {rC- Str+9}
  3714 | D:3      | Quit the game

Illustrated notes

Levels and vault maps discovered:
D:1:      dpeg_arrival_rooms_b, layout_loops_corners
D:2:      wad_lake_hut, layout_rooms, shapermc_ecumenical_altar_ellora,
          serial_rivers, chequers_serial_rivers_micro_b,
          chequers_serial_rivers_micro_e, chequers_serial_rivers_room_a,
          chequers_serial_rivers_micro_d, chequers_serial_rivers_room_a,
          chequers_serial_rivers_small_3
D:3:      layout_loops_ring, serial_shops, shop, shop,
          nicolae_shop_temple_entry_statues_fountains, shop,
          minmay_joined_circles

Skill      XL: |  1  2  3  4  5 |
---------------+----------------+-----
Fighting       | 1 2 |  2.2
Spellcasting   | 4 |  4.9
Dodging        | 3 |  3.2
Stealth        | |  1.5

Action                   |  1- 3 |  4- 6 || total
-------------------------+-------+-------++-------
 Cast: Magic Dart        |    25 |   111 ||   136
       Searing Ray       |     1 |       ||     1
       Static Discharge  |       |     2 ||     2
Armor: Robe              |       |     2 ||     2
Dodge: Dodged            |     4 |    15 ||    19
